 Dungeon Crawl Stone Soup version 0.31-a0-851-g7ff8af7976 (webtiles) character file.

Game seed: 5323137935380739472

246 lunkers the Ruffian (level 6, -8/47 HPs)
             Began as a Meteoran Shapeshifter on Oct 5, 2023.
             Was an Initiate of Gozag.
             Killed from afar by Dowan (9 damage)
             ... with a stone arrow
             ... on level 4 of the Dungeon.
             The game lasted 00:03:12 (1868 turns).

lunkers the Ruffian (Meteoran Shapeshifter)         Turns: 1868, Time: 00:03:12

Health: -8/47      AC:  6    Str: 16    XL:     6   Next: 60%
Magic:  7/7        EV: 10    Int: 12    God:    Gozag
Gold:   141        SH:  0    Dex: 15    Spells: 5/5 levels left

rFire   . .          .
                       - Unarmed
rCold   . . .        (no shield)
rNeg    . . .        j - +0 scale mail
rPois   .            (helmet currently unavailable)
rElec   .            (cloak currently unavailable)
rCorr   .            (gloves currently unavailable)
SInv    .            (boots currently unavailable)
Will    .....        (no amulet) Stlth
                     (no ring)
HPRegen 0.27/turn    (no ring)
MPRegen 0.10/turn

%: no passive effects
@: beast-form, gold aura, glowing
A: beast (slay +2), sense surroundings 1, otherworldly, glowing, explore regen
a: Begin Untransformation, Renounce Religion, Potion Petition, Call Merchant,
Bribe Branch


You were on level 4 of the Dungeon.
You worshipped Gozag.
Gozag was aware of your devotion.
You were a hulking beast.
You visited 1 branch of the dungeon, and saw 4 of its levels.

You collected 183 gold pieces.
You paid 42 gold pieces to Gozag.

Inventory:

Armour
 a - a +0 animal skin
 j - a +0 scale mail (worn)
Talismans
 c - a beast talisman (active)
 d - a flux talisman
Wands
 l - a wand of paralysis (7)
Scrolls
 e - 2 scrolls of vulnerability {unknown}
 h - a scroll of identify {unknown}
 m - a scroll of butterflies {unknown}
 n - a scroll of enchant weapon {unknown}
 o - a scroll of immolation {unknown}
 p - a scroll of teleportation {unknown}
 s - a scroll of fog {unknown}
Potions
 b - a potion of lignification
 f - a potion of mutation {unknown}
 g - a potion of cancellation {unknown}
 i - 2 potions of curing {unknown}
 k - a potion of enlightenment {unknown}
 q - a potion of attraction {unknown}
 r - a potion of magic {unknown}


   Skills:
 - Level 1.1 Fighting
 - Level 2.1 Dodging
 * Level 6.8 Unarmed Combat
 + Level 5.2 Shapeshifting


You had 5 spell levels left.
You didn't know any spells.
Your spell library contained the following spells:

 Spells                   Type           Power      Damage    Failure   Level
 Static Discharge         Conj/Air       0%         2-2/arc   88%         2
 Airstrike                Air            0%         2d(0-16)  100%        4
 Summon Lightning Spire   Summ/Air       0%         N/A       100%        4


Dungeon Overview and Level Annotations

Branches:
Dungeon (4/15) Zot: 551
 Temple: D:4-7

Altars:
Gozag

Annotations:
D:4 Dowan


Innate Abilities, Weirdness & Mutations

You are a hulking beast.
Your limbs bulge with bestial killing power. (Slay +2)
You passively map a small area around you.
You are easily found by Zot.
You glow in the dark.
You regain HP and MP as you explore.


Message History

Duvessa is severely wounded.
Duvessa barely misses you.
You hit Duvessa but do no damage.
Duvessa is severely wounded.
Dowan gestures at Duvessa while chanting.
Duvessa seems to speed up.
Duvessa hits you with a +0 short sword!
* * * LOW HITPOINT WARNING * * *
You punch Duvessa!
Duvessa is almost dead.
Duvessa hits you with a +0 short sword.
* * * LOW HITPOINT WARNING * * *
Dowan gestures wildly while chanting.
Dowan blinks!
You hit Duvessa but do no damage.
Duvessa is almost dead.
Duvessa closely misses you. Duvessa hits you with a +0 short sword.
* * * LOW HITPOINT WARNING * * *
You punch Duvessa!
You kill Duvessa!
You hear a distant wail of despair.
Your Shapeshifting skill increases to level 5!
You have reached level 6!
You feel stronger.
You punch the adder!
You kill the adder!
You now have 141 gold pieces (gained 11).
Things that are here:
a +0 short sword; a +0 leather armour
There is an open door, spattered with blood here.
Dowan seems to find hidden reserves of power!
Dowan hits you with a +0 dagger.
* * * LOW HITPOINT WARNING * * *
Things that are here:
a +0 short sword; a +0 leather armour You punch Dowan!
Dowan is heavily wounded.
Dowan casts a spell at you. The stone arrow hits you!
You die...
Your body crumbles into a pile of gold.

# ##......... #
#....#### , , # #.#### *
* ##'## ,* * ##..^## *
## ##.....## * # .##
##.......## #.#..
..####.........###.....#
....<'.........'he.....#
..####.........###...[..
, .## ##<......##
,.....,, .#### ##.....##
##.# ....# ##...## * #
.##.# ##'## * * .##.#
#.# *, .##.# #.# .##.#
##.##


You could see Dowan (fast).

Vanquished Creatures
  Duvessa (D:4)
  2 orc wizards (D:3)
  An adder (D:4)
  A worm (D:3)
  7 orcs
  7 endoplasms
  4 giant cockroaches
  6 goblins
  5 hobgoblins
  6 jackals (D:2)
  7 kobolds
  2 quokkas (D:2)
  8 ball pythons
  8 bats
  3 frilled lizards
  10 rats
78 creatures vanquished.

Notes
Turn   | Place    | Note
-------+----------+-------------------------------------------
     0 | D:1      | lunkers the Meteoran Shapeshifter began the quest for the
                  | Orb.
     0 | D:1      | Reached XP level 1. HP: 16/16 MP: 2/2
    96 | D:1      | Reached XP level 2. HP: 22/23 MP: 3/3
    98 | D:1      | Reached skill level 4 in Unarmed Combat
   132 | D:1      | Reached XP level 3. HP: 27/28 MP: 4/4
   334 | D:1      | Found a faded altar of an unknown god.
   494 | D:2      | Reached XP level 4. HP: 35/35 MP: 5/5
   562 | D:2      | Reached skill level 5 in Unarmed Combat
  1111 | D:2      | Glimpsed the power of Zot.
  1252 | D:3      | Found an opulent altar of Gozag.
  1310 | D:3      | Became a worshipper of Gozag Ym Sagoz the Greedy
  1395 | D:3      | Reached XP level 5. HP: 25/40 MP: 6/6
  1498 | D:3      | Reached skill level 6 in Unarmed Combat
  1717 | D:3      | Glimpsed the power of Zot.
  1847 | D:4      | Noticed Duvessa
  1847 | D:4      | Noticed Dowan
  1862 | D:4      | Killed Duvessa
  1863 | D:4      | Reached skill level 5 in Shapeshifting
  1863 | D:4      | Reached XP level 6. HP: 5/47 MP: 7/7
  1867 | D:4      | HP: 1/47 [Dowan/+0 dagger (6)]
  1868 | D:4      | Killed from afar by Dowan

Illustrated notes

Levels and vault maps discovered:
D:1:      wander_arrival_lonely_grave, layout_loops_cross,
          dilly_ecumenical_altar_fadedgnrine, st_stairs_6
D:2:      layout_loops_corners
D:3:      layout_loops_corners, mainiacjoe_overflow_concentric_impassable,
          kennysheep_generic_room_13
D:4:      layout_loops_corners, makhleb_heckhound_becter,
          amcnicky_mini_rare_corridor_liquid, uniq_duvessa,
          uniq_crazy_yiuf_cottage, uniq_blork_the_orc

Skill      XL: |  1  2  3  4  5 |
---------------+----------------+-----
Unarmed Combat | 4 5 6 |  6.8
Shapeshifting  | 4 5 |  5.2
Fighting       | |  1.1
Dodging        | |  2.1

Action                     |  1- 3 |  4- 6 || total
---------------------------+-------+-------++-------
  Melee: Unarmed           |    80 |   129 ||   209
         Punch             |     3 |     3 ||     6
 Armour: Animal skin       |    32 |     6 ||    38
         Scale mail        |       |    63 ||    63
  Dodge: Dodged            |    59 |    70 ||   129

Table legend: (Time is in decaauts)
 A = Elapsed time spent in this place.
 B = Non-inter-level travel time spent in this place.
 C = Inter-level travel time spent in this place.
 D = Time resting spent in this place.
 E = Time spent auto-exploring this place.
 F = Levels seen in this place.
 G = Mean time per level.
                   A        B        C        D        E       F      G
               +--------+--------+--------+--------+--------+-----+--------+
         Total |   1847 |   1785 |     62 |      0 |   1308 |   4 |  461.8 |
       Dungeon |   1847 |   1785 |     62 |      0 |   1308 |   4 |  461.8 |
               +--------+--------+--------+--------+--------+-----+--------+

Top non-repeatable levels by time:
     D:2: 737 daAuts
     D:3: 604 daAuts
     D:1: 372 daAuts
     D:4: 132 daAuts
